 Dungeon Crawl Stone Soup version 0.31-a0-1300-gb6740aa4e6 (webtiles) character file.

Game seed: 6569379711432424779

282 bmb222 the Chopper (level 6, -11/53 HPs)
             Began as a Hill Orc Monk on Dec 18, 2023.
             Mangled by a mummy (12 damage)
             ... in an ossuary.
             The game lasted 00:03:39 (3132 turns).

bmb222 the Chopper (Hill Orc Monk)                  Turns: 3132, Time: 00:03:40

Health: -11/53     AC:  6    Str: 15 (16) XL:     6   Next: 28%
Magic:  6/6        EV: 11    Int:  7 (10) God:
Gold:   217        SH:  0    Dex: 12 (13) Spells: 5/5 levels left

rFire   . . .        a - +0 hand axe
rCold   . . .        d - orb {light}
rNeg    . . .        i - +0 ring mail
rPois   .            (no helmet)
rElec   .            (no cloak)
rCorr   .            (no gloves)
SInv    .            (no boots)
Will    .....        (no amulet)
Stlth   +            (no ring)
HPRegen 0.28/turn    (no ring)
MPRegen 0.10/turn

%: no passive effects
@: glowing
A: no striking features
a: no special abilities


You were in an ossuary.
You visited 1 branch of the dungeon, and saw 4 of its levels.
You also visited: Ossuary.

You collected 217 gold pieces.

Inventory:

Hand Weapons
 a - a +0 hand axe (weapon)
Missiles
 p - a throwing net
Armour
 b - a +0 robe
 d - an orb of light (worn)
 i - a +0 ring mail (worn)
 t - a +0 chain mail
Jewellery
 g - an amulet of faith
Scrolls
 e - 3 scrolls of amnesia {unknown}
 h - 2 scrolls of identify {unknown}
 o - a scroll of enchant armour {unknown}
 q - a scroll of fog {unknown}
 r - a scroll of teleportation {unknown}
 s - a scroll of enchant weapon {unknown}
Potions
 c - 2 potions of ambrosia
 f - a potion of degeneration
 j - a potion of haste {unknown}
 k - a potion of invisibility {unknown}
 l - a potion of attraction {unknown}
 m - 3 potions of cancellation
 n - 2 potions of curing
 u - a potion of brilliance {unknown}


   Skills:
 - Level 4.3 Fighting
 - Level 5.8 Axes
 * Level 4.4 Armour
 - Level 3.0 Dodging


You had 5 spell levels left.
You didn't know any spells.
Your spell library contained the following spells:

 Spells                   Type           Power      Damage    Failure   Level
 Apportation              Tloc           0%         N/A       65%         1
 Jinxbite                 Hex            0%         N/A       78%         2
 Inner Flame              Hex/Fire       0%         N/A       95%         3
 Flame Wave               Conj/Fire      0%         2d4       100%        4
 Sticky Flame             Conj/Fire      0%         2d3       100%        4
 Alistair's Intoxication  Tmut/Pois      0%         N/A       100%        5


Dungeon Overview and Level Annotations

Branches:
Dungeon (4/15)            Ossuary (1/1)
 Temple: D:4-7

Altars:

Shops:
D:1 [   D:2 *=([


Message History

You feel much better. The gnoll zombie misses you.
The mummy closely misses you. The mummy misses you.
The mummy hits you but does no damage. The mummy hits you!
You hit the mummy but do no damage.
The mummy is severely damaged.
You hit the mummy but do no damage. x2; You hit the gnoll zombie.
You hit the mummy but do no damage. The gnoll zombie misses you.
You hit the mummy.
The mummy is almost destroyed.
You hit the gnoll zombie. You hit the mummy but do no damage.
You hit the mummy. x2; The mummy hits you!
The mummy hits you. The mummy hits you! The mummy hits you.
You hit the mummy.
You destroy the mummy!
You hit the gnoll zombie. You hit the mummy. x3
The gnoll zombie barely misses you. The mummy barely misses you.
Unknown command.
The mummy hits you.
* * * LOW HITPOINT WARNING * * *
The gnoll zombie hits you.
* * * LOW HITPOINT WARNING * * *
The mummy hits you!
* * * LOW HITPOINT WARNING * * *
Unknown command.
You feel much better.
The gnoll zombie hits you but does no damage.
The mummy hits you. The mummy hits you but does no damage. The mummy hits you.
* * * LOW HITPOINT WARNING * * *
Unknown command.
You hit the mummy.
The mummy is almost destroyed.
You hit the mummy. You hit the gnoll zombie. You hit the mummy.
The gnoll zombie closely misses you.
Unknown command.
You hit the mummy.
The mummy is almost destroyed.
You hit the gnoll zombie.
You hit the mummy. x2; The mummy hits you!
* * * LOW HITPOINT WARNING * * *
The mummy hits you!
You die...

....##....##...
...............
..............
............
#........#
#......# #....#
#M@Z.# #M.M.#
#....# #....#
#....# #....#
#....# #.∩∩.#
######


You could see 3 mummies and a gnoll zombie.

Vanquished Creatures
  A black bear (D:4)
  A mummy (Ossuary)
  9 adders
  A worm (D:4)
  A dart slug (D:2)
  5 orcs
  9 endoplasms
  4 giant cockroaches
  4 goblins
  9 hobgoblins
  6 kobolds
  5 quokkas
  8 ball pythons
  6 bats (D:1)
  5 frilled lizards
  A gnoll zombie (Ossuary)
  3 hobgoblin zombies (Ossuary)
  2 kobold zombies (Ossuary)
  An orc zombie (Ossuary)
  7 rats
88 creatures vanquished.

Notes
Turn   | Place    | Note
-------+----------+-------------------------------------------
     0 | D:1      | bmb222 the Hill Orc Monk began the quest for the Orb.
     0 | D:1      | Reached XP level 1. HP: 19/19 MP: 1/1
   173 | D:1      | Reached XP level 2. HP: 27/27 MP: 2/2
   394 | D:1      | Noticed an animated storm dragon scales
   396 | D:1      | Found Zibe's Armour Emporium.
   398 | D:1      | Noticed an animated shadow dragon scales
   631 | D:1      | Found a faded altar of an unknown god.
   662 | D:1      | Reached XP level 3. HP: 33/33 MP: 3/3
  1051 | D:2      | Reached skill level 5 in Axes
  1153 | D:2      | Reached XP level 4. HP: 38/40 MP: 4/4
  1191 | D:2      | Found Ulegueta's Antique Armour Emporium.
  1422 | D:2      | Found Vepyxzad's Jewellery Shop.
  1429 | D:2      | Found Vijedw Buvi's Weapon Shoppe.
  1505 | D:2      | Found Daqyas's General Store.
  1993 | D:3      | Reached skill level 1 in Armour
  2109 | D:3      | Reached XP level 5. HP: 45/47 MP: 5/5
  2820 | D:4      | Noticed a black bear
  2833 | D:4      | Killed a black bear
  2834 | D:4      | Reached XP level 6. HP: 38/53 MP: 6/6
  3068 | D:4      | Found a sand-covered staircase.
  3085 | Ossuary  | Entered an ossuary
  3132 | Ossuary  | HP: 1/53 [mummy (12)]
  3132 | Ossuary  | Mangled by a mummy

Illustrated notes

Levels and vault maps discovered:
D:1:      noname_arrival_rooms_in_the_neighbourhood, layout_basic, serial_shops,
          nicolae_shop_mannequins, hellmonk_ecumenical_altar_leap_of_faith
D:2:      minmay_chambers_of_ones, layout_loops_ring, serial_shops, shop,
          nicolae_shop_trees, shop, nicolae_shop_tiny_glass,
          supply_closet_lemuel, minivault_24
D:3:      layout_basic
D:4:      nicolae_cairo_tiling_large, layout_gridville,
          nicolae_ossuary_entry_monument
Ossuary:  ossuary_tomb_3

Skill      XL: |  1  2  3  4  5 |
---------------+----------------+-----
Fighting       | 4 |  4.3
Axes           | 5 |  5.8
Dodging        | 3 |  3.0
Armour         | 1 4 |  4.4

Action                     |  1- 3 |  4- 6 || total
---------------------------+-------+-------++-------
  Melee: Hand axe          |    93 |   178 ||   271
    Use: Potion            |       |     6 ||     6
 Armour: Robe              |    20 |       ||    20
         Ring mail         |    34 |   127 ||   161
  Dodge: Dodged            |    66 |   104 ||   170

Table legend: (Time is in decaauts)
 A = Elapsed time spent in this place.
 B = Non-inter-level travel time spent in this place.
 C = Inter-level travel time spent in this place.
 D = Time resting spent in this place.
 E = Time spent auto-exploring this place.
 F = Levels seen in this place.
 G = Mean time per level.
                   A        B        C        D        E       F      G
               +--------+--------+--------+--------+--------+-----+--------+
         Total |   3141 |   2976 |    165 |     32 |   2343 |   5 |  628.2 |
       Dungeon |   3094 |   2929 |    165 |     32 |   2331 |   4 |  773.5 |
       Ossuary |     47 |     47 |      0 |      0 |     12 |   1 |   47.0 |
               +--------+--------+--------+--------+--------+-----+--------+

Top non-repeatable levels by time:
     D:1: 995 daAuts
     D:2: 964 daAuts
     D:3: 711 daAuts
     D:4: 422 daAuts
 Ossuary: 47 daAuts
